Map: Alcyone LE

Players

LiquidClem (Clem) - Winner!

  • Race: Terran Terran
  • League: Grandmaster
  • Spawn Location: 1:00

Highdra

  • Race: Protoss Protoss
  • Spawn Location: 7:00

Event: HomeStory Cup XXV

VOD

Have the link to the VOD?

Description

Time

  • Played on: June 21, 2024, 7:24 a.m.
  • Length: 6:08

All games in this series

Show
View Real Time Build Order
Export as new Build Order

LiquidClem Terran - Winner!

Build Orders: Cyclone Opening 

Get SALT Encoding   

  12  0:00  SCV  
  13  0:12  SCV  
  14  0:17  Supply Depot  
  14  0:24  SCV  
  14  0:27  Refinery  
  15  0:38  SCV  
  16  0:45  Barracks  
  16  0:50  SCV  
  17  1:02  SCV  
  18  1:13  Engineering Bay  
  18  1:15  SCV  
  19  1:32  Marine  
  20  1:33  Orbital Command  
  20  1:36  Factory  
  20  1:44  Supply Depot  
  20  1:50  Barracks Reactor  
  20  1:59  SCV  
  21  2:11  SCV  
  22  2:20  Command Center  
  22  2:23  SCV  
  23  2:32  Cyclone  
  23  2:34  Cyclone  
  23  2:36  SCV  
  28  2:42  Supply Depot  
  28  2:48  SCV, Refinery  
  29  3:01  SCV  
  29  3:04  Cyclone  
  32  3:06  Cyclone  
  32  3:11  Barracks Tech Lab  
  34  3:14  SCV  
  34  3:18  Barracks  
  35  3:26  SCV  
  36  3:28  Barracks  
  36  3:38  SCV  
  37  3:47  Marine  
  38  3:48  Marine  
  38  3:49  Siege Tank  
  38  3:50  SCV  
  43  3:56  Orbital Command  
  44  4:02  SCV  
  44  4:05  Marine  
  44  4:06  Marine  
  46  4:14  SCV  
  47  4:22  Supply Depot  
  47  4:23  Marine  
  48  4:24  Marine, Engineering Bay  
  48  4:25  SCV  
  48  4:27  SCV  
  51  4:31  Siege Tank  
  51  4:34  Barracks Tech Lab x2  
  51  4:37  SCV  
  53  4:39  SCV  
  53  4:41  Marine  
  53  4:42  Marine  
  52  4:49  SCV  
  52  4:51  SCV  
  52  4:55  Supply Depot  
  52  4:56  Marauder  
  52  4:58  Marauder  
  56  5:01  SCV  
  56  5:03  Supply Depot, Marine  
  56  5:06  SCV, Marine  
  60  5:17  Siege Tank, SCV  
  60  5:18  Supply Depot  
  60  5:20  SCV  
  60  5:21  Marine  
  65  5:24  Marine, Refinery  
  65  5:25  Marauder  
  71  5:28  Marauder  
  71  5:29  SCV  
  71  5:33  SCV  
  73  5:39  Marine, Refinery  
  73  5:41  Marine  
  73  5:42  SCV  
  76  5:45  SCV  
  76  5:54  SCV  
  76  5:56  Supply Depot  
Show
View Real Time Build Order
Export as new Build Order

Highdra Protoss 

Build Orders:  

Get SALT Encoding   

  12  0:00  Probe  
  13  0:12  Probe  
  14  0:18  Pylon  
  14  0:24  Probe (Chrono Boost)  
  15  0:37  Probe (Chrono Boost)  
  15  0:38  Gateway  
  16  0:45  Probe (Chrono Boost)  
  16  0:46  Assimilator  
  17  0:51  Probe  
  18  1:03  Probe  
  19  1:15  Probe  
  20  1:24  Cybernetics Core  
  20  1:25  Zealot (Chrono Boost)  
  22  1:38  Probe  
  22  1:39  Pylon  
  23  1:54  Probe  
  23  2:01  Stalker (Chrono Boost)  
  25  2:15  Probe  
  26  2:18  Nexus  
  26  2:21  Shield Battery  
  26  2:23  Assimilator  
  26  2:27  Probe  
  26  2:28  Warp Gate (Chrono Boost)  
  27  2:34  Adept  
  29  2:42  Probe  
  30  2:50  Robotics Facility  
  30  2:54  Probe  
  31  3:14  Pylon  
  31  3:19  Probe  
  31  3:30  Stalker (Chrono Boost)  
  31  3:31  Probe x2  
  35  3:35  Gateway  
  35  3:36  Gateway  
  35  3:43  Probe x2  
  35  3:45  Observer  
  38  3:55  Probe x2  
  40  4:06  Pylon  
  40  4:07  Probe x2  
  40  4:13  Immortal  
  42  4:19  Probe x2  
  42  4:25  Stalker  
  35  4:31  Probe x2  
  31  4:43  Probe (Chrono Boost)  
  29  4:47  Observer  
  29  4:48  Probe (Chrono Boost)  
  28  4:55  Probe (Chrono Boost)  
  30  5:01  Probe x2 (Chrono Boost)  
  30  5:04  Observer  
  32  5:07  Sentry  
  32  5:09  Probe (Chrono Boost)  
  32  5:10  Probe (Chrono Boost)  
  32  5:11  Adept  
  32  5:12  Adept  
  39  5:22  Probe (Chrono Boost)  
  39  5:27  Probe (Chrono Boost)  
  41  5:30  Probe (Chrono Boost)  
  41  5:34  Probe (Chrono Boost)  
  43  5:40  Probe  
  44  5:45  Probe  
  39  5:52  Adept  
  39  5:53  Probe  
Tags
 
Add a new tag
Caveats
  • Supply blocks, unpowered buildings, or Contaminate may cause inaccurate times.
  • Supply counts are checked every 10 seconds.